 Dungeon Crawl Stone Soup version 0.30-a0-782-ge64f9170bb (webtiles) character file.

Game seed: 11276221106403858923

248 senseless the Trooper (level 5, -3/48 HPs)
             Began as a Minotaur Fighter on Feb 25, 2023.
             Was an Initiate of Cheibriados.
             Slain by a gnoll
             ... wielding a +0 halberd
             ... led by a gnoll sergeant
              (10 damage)
             ... on level 4 of the Dungeon.
             The game lasted 00:08:12 (2648 turns).

senseless the Trooper (Minotaur Fighter)            Turns: 2648, Time: 00:08:13

Health: -3/48      AC:  9    Str: 23 (24) XL:     5   Next: 86%
Magic:  4/4        EV:  7    Int:  6      God:    Cheibriados [......]
Gold:   132        SH:  4    Dex:  8 (10) Spells: 4/4 levels left

rFire   . . .      SeeInvis .    a - +1 long sword
rCold   . . .      Faith    .    c - +0 buckler
rNeg    . . .      Spirit   .    p - +0 chain mail
rPois   .          Reflect  .    (helmet restricted)
rElec   .          Harm     .    (no cloak)
rCorr   .          Rampage  .    (no gloves)
Will    .....                    (no boots) Stlth
                                 (no amulet)
HPRegen 0.28/turn                (no ring)
MPRegen 0.09/turn                (no ring)

@: mighty, very slow
A: horns 2, retaliatory headbutt
a: Renounce Religion


You were on level 4 of the Dungeon.
You worshipped Cheibriados.
Cheibriados was noncommittal.
You visited 2 branches of the dungeon, and saw 5 of its levels.

You collected 132 gold pieces.

Inventory:

Hand Weapons
 a - a +1 long sword (weapon)
Missiles
 f - 2 atropa-tipped darts (quivered)
Armour
 c - a +0 buckler (worn)
 p - a +0 chain mail (worn)
Jewellery
 n - a ring of ice
Scrolls
 h - 4 scrolls of teleportation
 j - 2 scrolls of fear
 m - 2 scrolls of magic mapping
Potions
 e - 2 potions of lignification
 g - a potion of flight


   Skills:
 + Level 5.0 Fighting
 + Level 4.2 Long Blades
 + Level 5.0 Armour
 + Level 5.0 Shields


You had 4 spell levels left.
You didn't know any spells.
Your spell library was empty.

Dungeon Overview and Level Annotations

Branches:
Dungeon (4/15)             Temple (1/1) D:4

Altars:
Ashenzari
Cheibriados
Dithmenos
Elyvilon
Hepliaklqana
Kikubaaqudgha
Makhleb
Nemelex Xobeh
Okawaru
Qazlal
Trog
Vehumet
Wu Jian
Zin
The Shining One


Innate Abilities, Weirdness & Mutations

You have a pair of horns on your head.
You reflexively headbutt those who attack you in melee.


Message History

You are too injured to fight recklessly!
You are too injured to fight recklessly!
You are too injured to fight recklessly!
You are too injured to fight recklessly!
You are too injured to fight recklessly!
You are too injured to fight recklessly!
You are too injured to fight recklessly!
You are too injured to fight recklessly!
You are too injured to fight recklessly!
You are too injured to fight recklessly!
You are too injured to fight recklessly!
You are too injured to fight recklessly!
The gnoll sergeant blocks your attack.
The gnoll sergeant is heavily wounded.
The gnoll hits you from afar with a +0 halberd.
The gnoll hits you but does no damage.
The gnoll sergeant hits you but does no damage.
You slash the gnoll sergeant!
You kill the gnoll sergeant!
Cheibriados appreciates the change of pace.
The gnoll barely misses you. You block the gnoll's attack.
You feel your dexterity returning.
Your Fighting skill increases to level 5!
Your Armour skill increases to level 5!
Your Shields skill increases to level 5!
The gnoll hits you from afar with a +0 spear.
Okay, then.
Okay, then.
The gnoll hits you from afar with a +0 halberd!
* * * LOW HITPOINT WARNING * * *
The gnoll hits you with a +0 spear.
* * * LOW HITPOINT WARNING * * *
Things that are here:
a +0 halberd; a quokka corpse; a gnoll corpse You closely miss the gnoll.
You headbutt the gnoll!
You kill the gnoll!
Cheibriados thoroughly appreciates the change of pace.
The gnoll completely misses you. The gnoll hits you with a +0 halberd!
You die...

#...................##......#
#.......(..............######
#.......####.......###...#####
#.......# #.......# ###.....##
#.####.#####.......# #####...
#.# #.............# ##.# #.
#########'##### #.# #.# #.#
#@# #.# #g# #.# ... #.# ##..#
#.# #..# #.# #... ##.# .#


You could see a gnoll.

Vanquished Creatures
  A gnoll sergeant (D:4)
  Jessica (D:3)
  An iguana (D:4)
  2 gnolls (D:4)
  5 adders
  3 worms (D:2)
  2 dart slugs
  2 orcs (D:3)
  8 bats
  5 endoplasms
  4 goblins
  5 hobgoblins
  6 jackals
  4 quokkas
  5 ball pythons
  A frilled lizard (D:1)
  2 kobolds
  6 rats
63 creatures vanquished.

Notes
Turn   | Place    | Note
-------+----------+-------------------------------------------
     0 | D:1      | senseless the Minotaur Fighter began the quest for the Orb.
     0 | D:1      | Reached XP level 1. HP: 19/19 MP: 0/0
    89 | D:1      | Reached XP level 2. HP: 26/27 MP: 1/1
   705 | D:2      | Reached XP level 3. HP: 33/33 MP: 2/2
  1729 | D:3      | Noticed Jessica
  1734 | D:3      | Killed Jessica
  1735 | D:3      | Reached XP level 4. HP: 37/41 MP: 3/3
  2197 | D:4      | Reached XP level 5. HP: 26/47 MP: 4/4
  2353 | D:4      | Found a staircase to the Ecumenical Temple.
  2360 | Temple   | Entered the Ecumenical Temple
  2397 | Temple   | Became a worshipper of Cheibriados the Contemplative
  2644 | D:4      | Reached skill level 5 in Fighting
  2644 | D:4      | Reached skill level 5 in Armour
  2644 | D:4      | Reached skill level 5 in Shields
  2648 | D:4      | Slain by a gnoll

Illustrated notes

Levels and vault maps discovered:
D:1:      roderic_octagonal_star, layout_rooms
D:2:      layout_loops_ring, hangedman_decor_growths, small_statue_intersection,
          minmay_pentomino_s2
D:3:      layout_loops_cross, chequers_serial_rivers_small_3, uniq_jessica
D:4:      layout_basic, mainiacjoe_overflow_boulevard,
          minmay_temple_entry_arrows, serial_bayou_lagoon_a
Temple:   hellmonk_temple_of_storms

Skill      XL: |  1  2  3  4  5 |
---------------+----------------+-----
Fighting       | 4 5 |  5.0
Armour         | 4 5 |  5.0
Shields        | 4 5 |  5.0
Long Blades    | 3 4 |  4.2

Action                     |  1- 3 |  4- 6 || total
---------------------------+-------+-------++-------
  Melee: Long sword        |   118 |    35 ||   153
         Headbutt          |    16 |     6 ||    22
    Use: Scroll            |     9 |     1 ||    10
         Potion            |       |     4 ||     4
 Armour: Scale mail        |    54 |     3 ||    57
         Chain mail        |       |    14 ||    14
  Dodge: Dodged            |    44 |    19 ||    63
  Block: Buckler           |    23 |     7 ||    30

Table legend: (Time is in decaauts)
 A = Elapsed time spent in this place.
 B = Non-inter-level travel time spent in this place.
 C = Inter-level travel time spent in this place.
 D = Time resting spent in this place.
 E = Time spent auto-exploring this place.
 F = Levels seen in this place.
 G = Mean time per level.
                   A        B        C        D        E       F      G
               +--------+--------+--------+--------+--------+-----+--------+
         Total |   2758 |   2635 |    123 |     44 |   2135 |   5 |  551.6 |
       Dungeon |   2709 |   2596 |    113 |     44 |   2113 |   4 |  677.2 |
        Temple |     49 |     39 |     10 |      0 |     22 |   1 |   49.0 |
               +--------+--------+--------+--------+--------+-----+--------+

Top non-repeatable levels by time:
     D:2: 866 daAuts
     D:3: 802 daAuts
     D:4: 522 daAuts
     D:1: 518 daAuts
  Temple: 49 daAuts
